Map: Thunderbird LE

Players

Lambo - Winner!

  • Race: Zerg Zerg
  • League: Grandmaster
  • Spawn Location: 11:00

InZaNe

  • Race: Terran Terran
  • League: Grandmaster
  • Spawn Location: 5:00

Event: HomeStory Cup XIX

VOD

Have the link to the VOD?

Description

Time

  • Played on: June 27, 2019, 6:45 a.m.
  • Length: 11:46

All games in this series

Show
View Real Time Build Order
Export as new Build Order

Lambo Zerg - Winner!

Build Orders: Hatch First, Swarm Host 

Get SALT Encoding   

  12  0:00  Drone  
  13  0:12  Overlord  
  13  0:16  Drone  
  14  0:30  Drone x2  
  16  0:46  Hatchery  
  15  0:51  Drone  
  15  0:54  Drone  
  17  0:57  Drone  
  18  1:09  Extractor  
  17  1:13  Spawning Pool  
  17  1:15  Drone  
  17  1:19  Drone  
  18  1:28  Drone  
  19  1:41  Drone  
  20  1:51  Overlord  
  20  1:59  Queen x2  
  20  2:00  Zergling x4  
  26  2:08  Metabolic Boost  
  26  2:09  Drone  
  26  2:10  Drone  
  28  2:21  Drone  
  29  2:33  Hatchery  
  29  2:35  Drone  
  29  2:38  Drone  
  29  2:41  Drone  
  31  2:46  Pneumatized Carapace  
  31  2:49  Drone  
  32  2:53  Overlord  
  32  2:59  Drone x2  
  32  3:03  Drone  
  35  3:08  Drone  
  35  3:12  Drone x3  
  39  3:14  Overlord  
  39  3:19  Queen  
  41  3:22  Drone  
  42  3:30  Queen  
  42  3:33  Drone x2  
  46  3:42  Drone  
  46  3:46  Zergling x4  
  46  3:47  Zergling x4  
  51  3:49  Overlord  
  51  3:52  Queen  
  53  3:55  Drone  
  53  3:56  Queen  
  53  3:58  Overlord  
  56  4:03  Drone, Baneling Nest  
  56  4:13  Drone  
  56  4:14  Drone x3  
  60  4:17  Overlord  
  60  4:18  Zergling x2  
  60  4:19  Drone x2  
  60  4:20  Drone  
  64  4:26  Drone  
  64  4:27  Spore Crawler  
  64  4:29  Drone x3, Spore Crawler  
  64  4:30  Drone  
  67  4:35  Queen  
  67  4:38  Overlord  
  69  4:39  Drone  
  69  4:43  Drone x2  
  72  4:48  Overlord  
  72  4:49  Drone x3  
  72  4:52  Drone  
  76  4:56  Lair  
  76  4:57  Drone, Extractor  
  76  4:59  Extractor  
  75  5:02  Overlord  
  75  5:06  Drone x3  
  78  5:07  Drone x2  
  78  5:09  Extractor, Overlord  
  78  5:10  Drone  
  78  5:11  Drone, Extractor  
  80  5:18  Hatchery  
  80  5:20  Drone x3  
  82  5:21  Drone  
  82  5:23  Drone  
  82  5:24  Drone  
  85  5:29  Evolution Chamber  
  85  5:30  Extractor  
  85  5:31  Evolution Chamber  
  85  5:33  Drone, Roach Warren  
  82  5:35  Overlord  
  82  5:37  Drone x2  
  84  5:43  Drone x5  
  89  5:51  Drone x2  
  89  5:56  Centrifical Hooks  
  91  5:57  Zerg Melee Weapons Level 1  
  91  5:58  Zerg Missile Weapons Level 1  
  91  6:00  Overlord  
  91  6:03  Drone x4  
  95  6:07  Infestation Pit  
  95  6:08  Overlord  
  95  6:09  Overlord  
  94  6:13  Roach x3  
  94  6:14  Glial Reconstitution  
  100  6:22  Zergling x6, Roach x2  
  107  6:27  Zergling x10  
  107  6:32  Zergling x6  
  115  6:39  Overlord  
  115  6:41  Zergling x6  
  118  6:47  Nydus Network  
  118  6:49  Extractor  
  118  6:50  Overlord  
  118  6:51  Swarm Host x4  
  118  6:53  Swarm Host  
  131  6:56  Swarm Host x3  
  140  7:02  Overlord  
  140  7:03  Overlord  
  140  7:04  Swarm Host x2  
  146  7:10  Swarm Host x2  
  146  7:12  Drone x3  
  155  7:17  Baneling x4  
  155  7:20  Zergling x14  
  155  7:21  Baneling x2  
  162  7:26  Nydus Canal  
  162  7:28  Baneling x3  
  162  7:31  Overlord  
  162  7:35  Zergling x18  
  162  7:36  Baneling x3  
  171  7:41  Nydus Canal  
  171  7:49  Zergling x18  
  171  7:50  Baneling x9  
  179  7:59  Baneling x9  
  179  8:07  Zergling x8  
  168  8:13  Zergling x8  
  168  8:14  Zergling x14  
  168  8:17  Zergling x2  
  168  8:18  Zergling x2  
  173  8:23  Zergling x4  
  160  8:27  Roach x2  
  149  8:39  Roach x6  
  149  8:40  Baneling x9  
  160  8:46  Hatchery  
  159  8:51  Swarm Host x4  
  159  8:53  Zerg Missile Weapons Level 2  
  171  8:57  Extractor  
  171  9:00  Ravager  
  171  9:04  Nydus Canal  
  171  9:06  Roach x2  
  171  9:07  Overlord  
  171  9:08  Hive  
  175  9:10  Overlord  
  175  9:12  Zerg Ground Armor Level 1  
  175  9:14  Overlord  
  175  9:16  Baneling x5  
  175  9:18  Nydus Canal  
  173  9:24  Baneling x5  
  173  9:27  Overlord  
  173  9:29  Overlord  
  168  9:31  Ravager  
  168  9:32  Ravager  
  168  9:34  Nydus Canal  
  168  9:35  Overlord  
  168  9:37  Zergling x22  
  175  9:46  Roach x5  
  180  9:53  Ravager x4  
  180  9:57  Roach x2  
  180  9:58  Zergling x4, Roach  
  192  10:00  Baneling  
  192  10:01  Baneling x2  
  192  10:06  Zergling x2, Roach x3  
  199  10:13  Roach x5, Overlord  
  197  10:14  Roach  
  197  10:16  Zergling x4  
  197  10:19  Roach  
  197  10:20  Roach  
  188  10:23  Zergling x6  
  188  10:26  Roach x2  
  179  10:30  Ravager x4  
  179  10:33  Nydus Canal  
  179  10:35  Roach x3  
  189  10:39  Roach x3  
  195  10:42  Ravager  
  195  10:47  Roach x2  
  195  10:48  Nydus Canal  
  199  10:56  Ravager  
  199  11:00  Overlord  
  192  11:09  Roach  
  192  11:10  Roach x2  
  188  11:13  Roach x5  
  188  11:15  Roach x2  
  188  11:18  Roach x2  
  199  11:21  Roach x4  
  199  11:24  Roach  
  200  11:25  Roach  
  200  11:30  Nydus Canal  
Show
View Real Time Build Order
Export as new Build Order

InZaNe Terran 

Build Orders: Command Center First (CC), Hellion Opening, Mech 

Get SALT Encoding   

  12  0:00  SCV  
  13  0:12  SCV  
  14  0:16  Supply Depot  
  14  0:24  SCV  
  15  0:38  SCV  
  16  0:50  SCV  
  17  0:59  Command Center  
  17  1:02  SCV  
  18  1:08  Refinery  
  18  1:14  SCV  
  19  1:21  Barracks  
  19  1:26  SCV  
  20  1:34  Refinery  
  20  1:39  SCV  
  21  1:51  SCV  
  23  2:09  Orbital Command  
  23  2:10  Factory  
  23  2:11  Orbital Command  
  23  2:13  Barracks Reactor  
  22  2:21  Supply Depot  
  22  2:35  SCV  
  24  2:37  SCV  
  24  2:47  SCV  
  24  2:49  SCV  
  26  2:54  Starport  
  26  2:59  Barracks Tech Lab, SCV, Hellion  
  26  3:00  Hellion  
  26  3:02  SCV  
  32  3:11  SCV  
  33  3:14  SCV  
  33  3:16  Supply Depot  
  34  3:22  Hellion x2  
  34  3:23  SCV  
  34  3:26  SCV  
  40  3:30  Barracks Tech Lab  
  40  3:34  Marine  
  40  3:36  SCV  
  40  3:38  SCV  
  43  3:41  Raven  
  43  3:44  Hellion x2  
  50  3:53  Command Center  
  49  3:56  SCV  
  49  3:57  SCV  
  49  3:59  Marine  
  52  4:05  Supply Depot  
  52  4:08  SCV  
  53  4:10  Hellion  
  53  4:13  Hellion  
  53  4:14  SCV  
  58  4:20  SCV  
  59  4:26  SCV  
  59  4:28  Supply Depot  
  60  4:32  SCV  
  60  4:34  Barracks Tech Lab  
  60  4:37  Factory x2  
  61  4:38  SCV  
  61  4:41  Refinery  
  61  4:42  Refinery  
  61  4:44  SCV  
  63  4:49  Starport Reactor  
  63  4:51  SCV, Hellion  
  63  4:52  Hellion  
  68  4:56  SCV  
  69  5:00  Supply Depot  
  69  5:03  SCV  
  69  5:07  Orbital Command  
  70  5:09  SCV  
  70  5:14  Armory  
  71  5:15  Armory, SCV  
  71  5:19  Hellion  
  74  5:21  Hellion  
  76  5:31  Supply Depot, Cyclone  
  76  5:33  Cyclone  
  76  5:34  Mag-Field Accelerator  
  82  5:36  SCV  
  82  5:42  SCV, Hellion  
  86  5:43  SCV  
  86  5:48  SCV  
  88  5:51  Hellion  
  88  5:55  SCV x2  
  92  5:57  Barracks Tech Lab  
  92  5:59  Factory  
  92  6:00  SCV, Factory  
  96  6:06  Supply Depot  
  96  6:07  SCV x2  
  96  6:08  Terran Vehicle Weapons Level 1  
  96  6:09  Terran Vehicle And Ship Armor Level 1  
  96  6:10  Hellion  
  97  6:14  SCV  
  97  6:16  Refinery  
  98  6:19  Refinery, SCV x2  
  98  6:23  Cyclone  
  98  6:24  Cyclone  
  106  6:26  SCV  
  106  6:31  SCV x2, Hellion  
  111  6:38  SCV, Supply Depot  
  112  6:40  Hellion, Supply Depot  
  112  6:42  Supply Depot  
  112  6:43  SCV x2  
  116  6:50  Command Center, SCV  
  117  6:57  Engineering Bay  
  117  6:58  Siege Tank  
  117  6:59  SCV  
  121  7:03  Starport Reactor  
  121  7:04  Siege Tank  
  121  7:07  Siege Tank  
  127  7:11  SCV, Supply Depot  
  128  7:16  Infernal Pre-Igniter  
  128  7:21  Hellion x2  
  128  7:22  Hellion  
  134  7:24  Hellion  
  136  7:32  Siege Tank  
  136  7:35  Supply Depot  
  136  7:36  Supply Depot  
  139  7:40  Siege Tank  
  139  7:41  Siege Tank  
  145  7:47  Hellion x4  
  153  7:57  SCV x3  
  154  8:02  Medivac  
  154  8:03  Medivac  
  153  8:08  Siege Tank  
  154  8:18  Siege Tank x2  
  154  8:19  Hellion x2  
  133  8:28  SCV x3  
  133  8:34  Planetary Fortress  
  130  8:38  Refinery  
  130  8:40  SCV x3  
  136  8:44  Hellion x3  
  140  8:52  SCV x3  
  140  8:55  Siege Tank x2  
  140  8:57  Hellion  
  145  9:03  Siege Tank, Terran Vehicle Weapons Level 2  
  145  9:04  SCV x3  
  151  9:10  Terran Vehicle And Ship Armor Level 2, Hellion x2  
  151  9:11  Hellion  
  151  9:16  SCV  
  158  9:18  Hellion  
  160  9:26  Medivac x2  
  160  9:27  Refinery  
  160  9:30  Refinery  
  162  9:35  Siege Tank  
  159  9:42  Hellion  
  159  9:44  Hellion x3  
  162  9:50  Siege Tank x2  
  168  9:54  Command Center  
  168  10:13  Siege Tank, Hellion x2  
  153  10:14  SCV x4  
  153  10:18  Liberator  
  132  10:22  Siege Tank  
  132  10:23  Siege Tank  
  132  10:24  Hellion x2  
  132  10:26  SCV x3  
  130  10:31  Starport  
  130  10:34  Starport  
  130  10:35  Starport  
  133  10:36  Starport  
  133  10:42  Hellion x2  
  137  10:49  Siege Tank  
  138  10:53  Hellion x2  
  138  10:54  Siege Tank  
  145  10:59  Sensor Tower  
  140  11:06  SCV x3  
  124  11:12  Cyclone  
  124  11:17  Hellion  
  124  11:18  Hellion  
  114  11:19  Hellion x2  
  114  11:23  Hellion x2  
  105  11:30  SCV  
  105  11:31  SCV x2  
  101  11:34  Starport Tech Lab  
  101  11:35  Starport Tech Lab  
Tags
 
Add a new tag
Caveats
  • Supply blocks, unpowered buildings, or Contaminate may cause inaccurate times.
  • Supply counts are checked every 10 seconds.